 Dungeon Crawl Stone Soup version 0.25.1-2-g60ff931df9 (webtiles) character file.

Game seed: 7889413021317278174

3931 nikku the Covert (level 10, -6/53 HPs)
             Began as a Spriggan Assassin on Aug 28, 2020.
             Was a Believer of Dithmenos.
             Mangled by a troll (14 damage)
             ... on level 9 of the Dungeon on Sept 3, 2020.
             The game lasted 00:24:32 (9643 turns).

nikku the Covert (Spriggan Assassin)                Turns: 9643, Time: 00:24:32

Health: -6/53      AC:  3    Str: 10    XL:     10   Next: 1%
Magic:  11/11      EV: 26    Int: 13    God:    Dithmenos [**....]
Gold:   319        SH:  0    Dex: 18    Spells: 9/9 levels left

rFire    . . .     SeeInvis +   a - +4 dagger (venom)
rCold    . . .     Gourm    .   (shield restricted)
rNeg     . . .     Faith    .   b - +0 robe
rPois    .         Spirit   .   (helmet restricted)
rElec    .         Reflect  .   c - +0 cloak
rCorr    +         Harm     .   (gloves unavailable)
MR       ++...                  (boots unavailable)
Stlth    +++++++...             (no amulet)
HPRegen  0.17/turn              z - ring of resist corrosion
MPRegen  0.12/turn              A - ring of protection from magic

@: wreathed by umbra, very quick
A: very small, unfitting armour, see invisible, herbivore, speed 3, slow
metabolism 2
a: Shadow Step, Renounce Religion


You were on level 9 of the Dungeon.
You worshipped Dithmenos.
Dithmenos was pleased with you.
You were hungry.

You visited 2 branches of the dungeon, and saw 10 of its levels.

You collected 467 gold pieces.
You spent 148 gold pieces at shops.

Inventory:

Hand Weapons
 a - a +4 dagger of venom (weapon)
Missiles
 d - 3 poisoned darts (quivered)
 h - 2 throwing nets
 q - 32 sling bullets
 r - 4 atropa-tipped darts
Armour
 b - a +0 robe (worn)
 c - a +0 cloak (worn)
Jewellery
 j - an uncursed amulet of reflection {unknown}
 z - a ring of resist corrosion (left hand)
 A - a ring of protection from magic (right hand)
Wands
 e - a wand of digging (8)
 l - a wand of iceblast (9)
 v - a wand of acid (17)
 w - a wand of enslavement (15)
 x - a wand of paralysis (20)
Scrolls
 n - 5 scrolls of teleportation
 o - a scroll of blinking
 p - a scroll of fear
Potions
 g - a potion of invisibility
 i - 4 potions of curing
 k - 3 potions of brilliance
 m - 2 potions of lignification
 s - a potion of mutation {unknown}
 u - a potion of heal wounds
Comestibles
 f - 11 rations


   Skills:
 + Level 6.0 Fighting
 + Level 7.9 Short Blades
 - Level 4.0 Throwing
 + Level 10.2 Dodging
 + Level 12.0 Stealth


You had 9 spell levels left.
You didn't know any spells.
Your spell library contained the following spells:

 Spells                   Type           Power        Failure   Level  Hunger
 Beastly Appendage        Tmut           #.....       30%         1    ##.....
 Corona                   Hex            #......      30%         1    ##.....
 Foxfire                  Conj/Fire      #...         30%         1    ##.....
 Summon Small Mammal      Summ           #...         30%         1    ##.....
 Call Imp                 Summ           #.......     43%         2    ###....
 Ensorcelled Hibernation  Hex/Ice        #.....       43%         2    ###....
 Sticks to Snakes         Tmut           #.......     43%         2    ###....
 Call Canine Familiar     Summ           #.......     67%         3    ####...
 Confusing Touch          Hex            #.......     67%         3    ####...
 Conjure Flame            Conj/Fire      #.......     67%         3    ####...
 Dazzling Flash           Conj/Hex       #.....       67%         3    ####...
 Inner Flame              Hex/Fire       #.......     67%         3    ####...
 Spider Form              Tmut/Pois      #.........   67%         3    ####...
 Summon Guardian Golem    Hex/Summ       #.......     67%         3    ####...
 Tukima's Dance           Hex            #.......     67%         3    ####...
 Ice Form                 Ice/Tmut       #.......     97%         4    #####..
 Sticky Flame             Conj/Fire      #.......     97%         4    #####..
 Summon Ice Beast         Ice/Summ       #.......     97%         4    #####..
 Summon Lightning Spire   Summ/Air       #.......     97%         4    #####..
 Blade Hands              Tmut           #.........   100%        5    ######.
 Bolt of Magma            Conj/Fire/Erth #.........   100%        5    ######.
 Fireball                 Conj/Fire      #.........   100%        5    ######.
 Iskenderun's Battlesphe  Conj/Chrm      #.......     100%        5    ######.
 Iron Shot                Conj/Erth      #.........   100%        6    #######
 Orb of Destruction       Conj           #.........   100%        7    #######
 Spellforged Servitor     Conj/Summ      #.........   100%        7    #######


Dungeon Overview and Level Annotations

Branches:
Dungeon (9/15)             Temple (1/1) D:4            Lair (0/6) D:8
    Orc: D:9-12

Altars:
Ashenzari
Cheibriados
Dithmenos
Elyvilon
Fedhas
Gozag
Hepliaklqana
Kikubaaqudgha
Makhleb
Nemelex Xobeh
Okawaru
Qazlal
Ru
Sif Muna
Trog
Uskayaw
Vehumet
Wu Jian
Xom
Yredelemnul
Zin
The Shining One

Shops:
D:4 ?   D:7 *

Annotations:
D:7 exclusion: downstairs


Innate Abilities, Weirdness & Mutations

You are very small and have problems with some larger weapons.
You are too small for most types of armour.
You have supernaturally acute eyesight. (SInv)
You are a herbivore.
You cover ground extremely quickly.
You need to consume almost no food.


Message History

You hit the troll.
The troll looks as sick as possible!
The troll is heavily wounded.
There is a stone staircase leading up here.
You closely miss the troll.
The troll is severely wounded.
You barely miss the troll.
The troll is severely wounded.
The troll misses you. The troll claws you but does no damage.
The troll closely misses you.
You hit the troll.
The troll looks as sick as possible!
The troll is almost dead.
The troll misses you. The troll claws you. The troll closely misses you.
You barely miss the troll.
The troll is almost dead.
You hit the troll.
The troll is almost dead.
The troll bites you!
* * * LOW HITPOINT WARNING * * *
The troll misses you. The troll claws you!
You die...

#.#!# #a#.# .. .#
#... ..#. . #O.
......#. #J#
....#... #.# ...#
#.# # #.# ..# #.#
..##.#####.# #.#
#....T.T...# #@#
#......#...# #T#
#..##.###.######.#
#..#.## ##.......#
......###.#####.##
#..##..#..# #.#
#..#....#.# #.#
#....#...>.# #.#
#..........# #.#


You could see a troll (extremely poisoned).

Vanquished Creatures
  A two-headed ogre (D:8)
  A gargoyle (D:8)
  Grinder (D:4)
  A wyvern (D:8)
  Edmund (D:4)
  2 wargs (D:8)
  2 orc warriors
  2 ice beasts
  A sky beast (D:6)
  3 ogres
  2 centaurs
  2 scorpions (D:7)
  A water moccasin skeleton (D:7)
  2 howler monkeys (D:8)
  A crimson imp (D:8)
  2 jellies
  5 hounds
  A gnoll shaman (D:8)
  6 orc priests
  2 centaur skeletons (D:7)
  10 orc wizards
  2 bullfrog skeletons (D:6)
  An iguana (D:6)
  4 worker ants
  A killer bee zombie (D:5)
  A worker ant zombie (D:6)
  3 gnolls (D:8)
  11 adders
  2 shadow imps
  2 oozes
  An adder skeleton (D:8)
  2 worms
  2 dart slugs
  3 leopard geckos
  29 orcs
  6 bats
  9 giant cockroaches
  7 goblins
  6 hobgoblins
  3 jackals (D:1)
  3 kobolds
  2 quokkas (D:3)
  7 frilled lizards
  A jackal zombie (D:7)
  6 rats
163 creatures vanquished.

Notes
Turn   | Place    | Note
-------+----------+-------------------------------------------
     0 | D:1      | nikku the Spriggan Assassin began the quest for the Orb.
     0 | D:1      | Reached XP level 1. HP: 10/10 MP: 2/2
   291 | D:1      | Reached skill level 6 in Stealth
   306 | D:1      | Reached XP level 2. HP: 9/15 MP: 3/3
  1131 | D:2      | Found a shimmering altar of Xom.
  1175 | D:2      | Reached XP level 3. HP: 12/18 MP: 4/4
  1205 | D:2      | Noticed an ice beast
  1534 | D:2      | Killed an ice beast
  1534 | D:2      | Reached XP level 4. HP: 23/23 MP: 5/5
  1560 | D:2      | Found a faded altar of an unknown god.
  1715 | D:2      | Reached XP level 5. HP: 27/27 MP: 6/6
  2351 | D:3      | Reached skill level 7 in Stealth
  3227 | D:4      | Reached XP level 6. HP: 16/32 MP: 7/7
  3488 | D:4      | Noticed Grinder
  3816 | D:4      | Killed Grinder
  4115 | D:4      | Found Mugugid's Magic Scroll Boutique.
  4125 | D:4      | Bought a scroll of teleportation for 33 gold pieces
  4125 | D:4      | Bought a scroll of blinking for 82 gold pieces
  4149 | D:4      | Reached XP level 7. HP: 28/36 MP: 8/8
  4154 | D:4      | Reached skill level 5 in Dodging
  4279 | D:4      | Found a staircase to the Ecumenical Temple.
  4287 | Temple   | Entered the Ecumenical Temple
  4533 | Temple   | Became a worshipper of Dithmenos the Shadowed
  4820 | D:4      | Noticed Edmund
  4873 | D:4      | Killed Edmund
  4873 | D:4      | Reached skill level 8 in Stealth
  5035 | D:5      | Entered Level 5 of the Dungeon
  5821 | D:4      | Bought a scroll of remove curse for 33 gold pieces
  6238 | D:6      | Reached skill level 5 in Short Blades
  6238 | D:6      | Reached XP level 8. HP: 42/42 MP: 9/9
  6266 | D:6      | Reached skill level 9 in Stealth
  6302 | D:6      | Reached * piety under Dithmenos
  6749 | D:6      | Found a shimmering blue altar of Sif Muna.
  7336 | D:7      | Found Uxaca's General Store.
  7393 | D:7      | Found a radiant altar of Vehumet.
  7406 | D:7      | Reached skill level 10 in Stealth
  7848 | D:8      | Reached XP level 9. HP: 46/46 MP: 10/10
  7852 | D:8      | Noticed a gargoyle
  8211 | D:8      | Noticed a two-headed ogre
  8213 | D:8      | Killed a two-headed ogre
  8213 | D:8      | Reached skill level 5 in Fighting
  8213 | D:8      | Reached skill level 11 in Stealth
  8305 | D:8      | Reached ** piety under Dithmenos
  8341 | D:8      | Killed a gargoyle
  8436 | D:8      | Found a snail-covered altar of Cheibriados.
  8765 | D:8      | Found a staircase to the Lair.
  9197 | D:8      | Reached skill level 10 in Dodging
  9424 | D:8      | Reached skill level 12 in Stealth
  9424 | D:8      | Reached XP level 10. HP: 53/53 MP: 11/11
  9643 | D:9      | Mangled by a troll

Illustrated notes

Levels and vault maps discovered:
D:1:      lemuel_arrival_river_ford, layout_loops_ring, kennysheep_another_room
D:2:      layout_rooms, nicolae_overflow_hidden_temple,
          chequers_ecumenical_altar_grove
D:3:      layout_loops_ring, first_ration
D:4:      layout_basic, minmay_temple_entry_glassed_door, serial_shops, shop,
          uniq_grinder, uniq_edmund
D:5:      layout_gridville
D:6:      layout_basic, tgw_sif
D:7:      layout_basic, vehumet_crystals, serial_shops, kennysheep_little_box
D:8:      layout_rooms, lemuel_crystal_altar, erik_lair_orcish_takeover
D:9:      layout_loops_ring, serial_shops, shop_fountains, ebering_ghost_xom,
          minivault_8
Temple:   dpeg_five_rooms_temple

Skill      XL: |  1  2  3  4  5  6  7  8  9 |
---------------+----------------------------+-----
Stealth        | 6 7 8 10 12 | 12.0
Dodging        | 2 3 4 6 8 10 | 10.2
Fighting       | 2 3 4 6 |  6.0
Short Blades   | 3 4 5 6 7 |  7.9
Throwing       | 3 4 |  4.0

Action                   |  1- 3 |  4- 6 |  7- 9 | 10-12 || total
-------------------------+-------+-------+-------+-------++-------
Melee: Dagger            |    73 |   153 |   429 |    20 ||   675
Throw: Dart              |    10 |     4 |    19 |       ||    33
Evoke: Wand              |       |       |     6 |       ||     6
  Use: Scroll            |     2 |     4 |    10 |     1 ||    17
 Stab: Sleeping          |     7 |    12 |    31 |     1 ||    51
       Distracted        |       |       |     3 |       ||     3
  Eat: Ration            |       |       |     3 |       ||     3
Armor: Robe              |     9 |    10 |    10 |     1 ||    30
Dodge: Dodged            |    43 |    86 |   259 |    19 ||   407
